 Dungeon Crawl Stone Soup version 0.31.0-32-g396128a36d (webtiles) character file.

Game seed: 6129070060850569868

9058 Curundu the Cleaver (level 11, -2/101 HPs)
             Began as a Minotaur Berserker on Mar 31, 2024.
             Was a High Priest of Trog.
             Slain by a two-headed ogre
             ... wielding a +0 giant club
              (17 damage)
             ... on level 9 of the Dungeon.
             The game lasted 00:22:44 (9495 turns).

Curundu the Cleaver (Minotaur Berserker)            Turns: 9495, Time: 00:22:45

Health: -2/101     AC: 17    Str: 27    XL:     11   Next: 18%
Magic:  10/10      EV:  8    Int:  8    God:    Trog [*****.]
Gold:   519        SH:  5    Dex:  9    Spells: 10/10 levels left

rFire   . . .        o - +1 war axe
rCold   . . .        (no shield)
rNeg    . . .        c - +1 plate armour
rPois   .            (helmet restricted)
rElec   .            (no cloak)
rCorr   .            F - +0 pair of gloves
SInv    +            (no boots)
Will    +....        E - amulet of reflection Stlth
                     l - ring of willpower
HPRegen 0.36/turn    a - ring "Hyemas" {Int+4 Slay+3 SInv}
MPRegen 0.12/turn

%: reflection
@: on berserk cooldown, slowed, very slow
A: horns 2, retaliatory headbutt
a: Renounce Religion, Berserk, Trog's Hand, Brothers in Arms


You were on level 9 of the Dungeon.
You worshipped Trog.
Trog was extremely pleased with you.
You visited 1 branch of the dungeon, and saw 10 of its levels.
You also visited: Sewer.

You collected 519 gold pieces.

Inventory:

Hand Weapons
 o - a +1 war axe (weapon)
Missiles
 g - 8 boomerangs
 i - a throwing net (quivered)
 m - 4 javelins
 r - 5 silver javelins
Armour
 c - a +1 plate armour (worn)
 F - a +0 pair of gloves (worn)
Jewellery
 a - the ring "Hyemas" (right hand) {Int+4 Slay+3 SInv}
   (You acquired it on level 8 of the Dungeon)

   [ring of see invisible]

   Int+4:     It affects your intelligence (+4).
   Slay+3:    It affects your accuracy & damage with ranged weapons and melee
   (+3).
   SInv:      It lets you see invisible.
 l - a ring of willpower (left hand)
 n - an amulet of the acrobat
 E - an amulet of reflection (around neck)
Wands
 q - a wand of iceblast (6)
 w - a wand of flame (44)
 A - a wand of quicksilver (5)
 C - a wand of mindburst (10)
Scrolls
 e - a scroll of teleportation
 f - a scroll of enchant weapon
 h - 2 scrolls of identify
 s - a scroll of revelation
 v - 2 scrolls of butterflies {unknown}
Potions
 b - 7 potions of curing
 d - 3 potions of lignification
 j - 3 potions of magic
 k - 2 potions of might
 p - 3 potions of haste
 t - 4 potions of heal wounds
 x - 2 potions of resistance
 z - a potion of brilliance {unknown}
 B - 2 potions of cancellation {unknown}
 D - a potion of berserk rage {unknown}


   Skills:
 + Level 10.6 Fighting
 + Level 14.3 Axes
 + Level 11.5 Armour
 + Level 3.3 Dodging
 + Level 1.0 Stealth
 + Level 1.6 Shields


You had 10 spell levels left.
You didn't know any spells.
Your spell library was empty.

Dungeon Overview and Level Annotations

Branches:
Dungeon (10/15)            Temple (0/1) D:5            Lair (0/5) D:8
  Sewer (visited)
    Orc: D:9-12

Altars:
Dithmenos
Elyvilon
Uskayaw
Yredelemnul
Zin
The Shining One
Lugonu

Shops:
D:3 ?   D:7 (

Portals:
Abyss: D:7


Innate Abilities, Weirdness & Mutations

You have a pair of horns on your head.
You reflexively headbutt those who attack you in melee.


Message History

You headbutt the boulder beetle!! You hit the boulder beetle.
The boulder beetle is heavily wounded.
The boulder beetle barely misses you. You furiously retaliate!
You headbutt the boulder beetle! You slash the boulder beetle!
The boulder beetle is almost dead.
You block the boulder beetle's attack.
You hit the boulder beetle but do no damage.
The boulder beetle is almost dead.
You hit the boulder beetle.
The boulder beetle is almost dead.
The boulder beetle bites you!
* * * LOW HITPOINT WARNING * * *
You slash the boulder beetle!
The boulder beetle is almost dead.
You slice the boulder beetle!!
You kill the boulder beetle!
Trog accepts your kill.
You see here a boulder beetle corpse.
You feel a strong urge to attack something.
You are no longer berserk.
You are exhausted.
You feel yourself slow down.
A troll comes into view.
A two-headed ogre comes into view. It is wielding two +0 giant clubs.
There are monsters nearby!
The two-headed ogre hits you with a +0 giant club!
* * * LOW HITPOINT WARNING * * *
The two-headed ogre closely misses you.
There is a stone staircase leading up here.
The two-headed ogre hits you with a +0 giant club.
* * * LOW HITPOINT WARNING * * *
The two-headed ogre completely misses you.
You climb upwards.
There is a stone staircase leading down here.
You slash the two-headed ogre! You headbutt the two-headed ogre!
The two-headed ogre is heavily wounded.
The two-headed ogre hits you with a +0 giant club!
You die...

#....#...#.....#...########.
#....#...#.....'..........#.
#....#...#.....#..........#.
#....#...#.....#####......##
#....#...#######...#......#.
#....#...#................#.
#....#...#................'.
#....#...#.O..............#.
#....#...#.@...#...#########
#....#...#.....#....#.......
#....#...#.....+....#.......
#....#...#.....#....#.......
#....#....<....#....#.......
#....#.........#....#....#..
#....#.........##'###....###
######..............#....#..
#...................#....#..


You could see a two-headed ogre.

Vanquished Creatures
  A boulder beetle (D:10)
  A komodo dragon (D:8)
  A gargoyle (D:10)
  Maggie (D:6)
  Prince Ribbit (D:7)
  2 shadows
  Sigmund (D:2)
  17 yaks (D:9)
  A steam dragon (D:8)
  A vampire mosquito (D:6)
  5 water moccasins
  3 ice beasts
  An orc warrior (D:8)
  A sky beast (D:7)
  2 hornet zombies (D:7)
  3 ogres
  A phantom (D:5)
  3 centaurs
  A kobold brigand (Sewer)
  2 gnoll sergeants
  3 scorpions
  2 necrophages (D:7)
  A bullfrog (D:8)
  A wight (D:7)
  3 killer bees (D:6)
  14 howler monkeys
  A centaur zombie (D:7)
  4 bombardier beetles
  4 bullfrog zombies (D:7)
  A human zombie (D:7)
  2 jellies (D:5)
  4 orc priests
  A sleepcap (D:4)
  5 iguanas
  7 orc wizards
  Terence (D:2)
  A killer bee zombie (D:7)
  8 gnolls
  7 adders
  2 river rats (D:6)
  A shadow imp (D:6)
  A white imp (D:7)
  2 ufetubi (D:5)
  5 ribbon worms
  4 dart slugs
  51 orcs
  5 endoplasms
  4 giant cockroaches
  3 goblins
  9 hobgoblins
  10 kobolds
  2 quokkas
  10 ball pythons
  7 bats
  2 frilled lizards
  8 rats
245 creatures vanquished.

Vanquished Creatures (others)
  A lurking horror (D:7)
1 creature vanquished.

Grand Total: 246 creatures vanquished

Notes
Turn   | Place    | Note
-------+----------+-------------------------------------------
     0 | D:1      | Curundu the Minotaur Berserker began the quest for the Orb.
     0 | D:1      | Reached XP level 1. HP: 19/19 MP: 0/0
   193 | D:1      | Reached XP level 2. HP: 27/27 MP: 1/1
   269 | D:1      | Reached skill level 4 in Axes
   526 | D:1      | Reached XP level 3. HP: 32/33 MP: 2/2
   986 | D:2      | Reached ** piety under Trog
  1005 | D:2      | Noticed Terence
  1020 | D:2      | Killed Terence
  1255 | D:2      | Reached XP level 4. HP: 41/41 MP: 3/3
  1322 | D:2      | Found a faded altar of an unknown god.
  1330 | D:2      | Noticed Sigmund
  1342 | D:2      | Killed Sigmund
  1343 | D:2      | Reached skill level 5 in Fighting
  1343 | D:2      | Reached skill level 5 in Axes
  1343 | D:2      | Reached XP level 5. HP: 45/48 MP: 4/4
  1421 | D:2      | Identified the +1 leather armour of Hegosim {rC+ Str+8}
  1578 | D:3      | Found Xargh's Magic Scroll Boutique.
  1696 | D:3      | Found a hide-covered altar of Uskayaw.
  1742 | D:3      | Reached XP level 6. HP: 51/56 MP: 5/5
  1879 | D:3      | Reached skill level 6 in Axes
  2057 | D:4      | Reached skill level 5 in Armour
  2345 | D:4      | Reached XP level 7. HP: 62/62 MP: 6/6
  2395 | D:4      | Reached skill level 7 in Axes
  2979 | D:5      | Entered Level 5 of the Dungeon
  3383 | D:5      | Found a staircase to the Ecumenical Temple.
  3394 | D:5      | Reached *** piety under Trog
  3472 | D:5      | Reached skill level 8 in Axes
  3482 | D:5      | Reached XP level 8. HP: 63/71 MP: 7/7
  3761 | D:5      | Reached skill level 9 in Axes
  4529 | D:6      | Noticed Maggie
  4542 | D:6      | Killed Maggie
  4543 | D:6      | Reached skill level 10 in Axes
  4571 | D:6      | Found a runed translucent door.
  4599 | D:6      | Reached XP level 9. HP: 55/79 MP: 8/8
  4622 | D:6      | Found a runed translucent door.
  4623 | D:6      | Found a large runed translucent door.
  4623 | D:6      | Found a large runed translucent door.
  4895 | D:6      | Reached **** piety under Trog
  4896 | D:6      | Reached skill level 11 in Axes
  4972 | D:6      | Found a glowing drain.
  4980 | Sewer    | Entered a sewer
  5979 | D:7      | Found a shadowy altar of Dithmenos.
  6093 | D:7      | Found a basalt altar of Yredelemnul.
  6113 | D:7      | Reached skill level 12 in Axes
  6158 | D:7      | Reached ***** piety under Trog
  6334 | D:7      | Found Uckuag's Antique Weapon Emporium.
  6338 | D:7      | Noticed Prince Ribbit
  6347 | D:7      | Killed Prince Ribbit
  6348 | D:7      | Reached XP level 10. HP: 79/90 MP: 9/9
  6650 | D:7      | Found a corrupted altar of Lugonu.
  6655 | D:7      | Found a one-way gate to the infinite horrors of the Abyss.
  7155 | D:8      | Noticed a rust devil
  7156 | D:8      | Noticed a rust devil
  7460 | D:8      | Reached skill level 10 in Armour
  7672 | D:8      | Found a staircase to the Lair.
  7712 | D:8      | Reached skill level 13 in Axes
  7771 | D:8      | Found a glowing silver altar of Zin.
  7771 | D:8      | Found a white marble altar of Elyvilon.
  7771 | D:8      | Found a glowing golden altar of the Shining One.
  7863 | D:8      | Identified a scroll of acquirement
  7863 | D:8      | Acquired the ring "Hyemas" {Int+4 Slay+3 SInv}
  8159 | D:9      | Reached skill level 1 in Stealth
  8217 | D:9      | Reached skill level 1 in Shields
  8234 | D:9      | Reached skill level 10 in Fighting
  8902 | D:9      | Received a gift from Trog
  8903 | D:9      | Reached XP level 11. HP: 76/101 MP: 10/10
  9042 | D:9      | Reached skill level 14 in Axes
  9449 | D:10     | Entered Level 10 of the Dungeon
  9466 | D:10     | Noticed a boulder beetle
  9481 | D:10     | Killed a boulder beetle
  9487 | D:10     | Noticed a two-headed ogre
  9495 | D:9      | Slain by a two-headed ogre

Illustrated notes

Levels and vault maps discovered:
D:1:      dpeg_arrival_more_subterranean_lakeside_camping, layout_basic,
          minmay_pentomino_v2
D:2:      layout_rooms, ebering_ecumenical_altar_hall, serial_glass,
          glass_columns_a, glass_columns_b, uniq_terence, uniq_sigmund
D:3:      layout_rooms, amcnicky_altar_gilded, serial_shops, shop
D:4:      layout_loops_ring
D:5:      layout_gridville, minmay_temple_entry_glassed_door
D:6:      kennysheep_big_flooded_room, layout_rooms, portal_sewer_entry_b,
          lightli_church_of_beogh, uniq_maggie
D:7:      layout_loops_ring, lemuel_mausoleum_altar_yredelemnul,
          grunt_dithmenos_smoke_and_mirrors, serial_shops,
          nicolae_stop_n_shop_1, amcnicky_altar_lugonu_corruption,
          uniq_prince_ribbit1
D:8:      cheibrodos_iron_armory, layout_gridville,
          dreamdust_divine_triumvirate, david_lair_shrubbed
D:9:      layout_grid_maze
D:10:     layout_rooms, kennysheep_mini, serial_glass, glass_columns_c,
          glass_columns_c, minivault_8

Skill      XL: |  1  2  3  4  5  6  7  8  9 10 11 |
---------------+----------------------------------+-----
Fighting       | 4 5 6 7 8 10 | 10.6
Axes           | 4 5 6 8 10 12 13 14 | 14.3
Armour         | 3 4 5 6 8 9 11 | 11.5
Dodging        | 3 |  3.3
Stealth        | 1 |  1.0
Shields        | 1 |  1.6

Action                     |  1- 3 |  4- 6 |  7- 9 | 10-12 || total
---------------------------+-------+-------+-------+-------++-------
  Melee: Hand axe          |    73 |    34 |       |       ||   107
         Headbutt          |    12 |    16 |    57 |    35 ||   120
         Punch             |     1 |     2 |     2 |     5 ||    10
         War axe           |       |    42 |   298 |   159 ||   499
 Invoke: Berserk           |     1 |     1 |     2 |     2 ||     6
         Trog's Hand       |     1 |     2 |     2 |     1 ||     6
    Use: Scroll            |       |       |    15 |     3 ||    18
 Armour: Plate armour      |    93 |    60 |   312 |   154 ||   619
  Dodge: Dodged            |    36 |    22 |   130 |    71 ||   259
  Block: Other             |       |       |       |    23 ||    23
